 Dungeon Crawl Stone Soup version 0.21.0-3-g78d12a8 (webtiles) character file.

11235 zacerdocio the Carver (level 11, 0/97 HPs)
             Began as a Minotaur Berserker on Jan 8, 2018.
             Was an Elder of Trog.
             Killed by nerve-wracking pain
             ... invoked by an orc priest
              (11 damage)
             ... on level 9 of the Dungeon.
             The game lasted 00:44:52 (7569 turns).

zacerdocio the Carver (Minotaur Berserker)          Turns: 7569, Time: 00:44:52

Health: 0/97       AC: 12    Str: 24    XL:     11   Next: 46%
Magic:  12/12      EV: 19    Int:  4    God:    Trog [****..]
Gold:   453        SH:  0    Dex: 11    Spells: 12/12 levels left

rFire    . . .     SeeInvis .   y - +0 whip (vamp)
rCold    + . .     Gourm    .   (no shield)
rNeg     . . .     Faith    .   v - +1 ring mail {rC+}
rPois    .         Spirit   .   (helmet restricted)
rElec    .         Reflect  .   J - +0 cloak
rCorr    .         Harm     .   L - +0 pair of gloves
MR       +....                  u - +0 pair of boots
Stlth    ++........             (no amulet)
HPRegen  0.26/turn              K - ring of protection from magic
MPRegen  0.13/turn              l - +5 ring of evasion

@: berserk cooldown, slowed, very slow
A: retaliatory headbutt, horns 2, talons 1, blurry vision 1, mutation resistance
1
a: Berserk, Trog's Hand, Brothers in Arms, Burn Spellbooks, Renounce Religion


You were on level 9 of the Dungeon.
You worshipped Trog.
Trog was greatly pleased with you.
You were hungry.

You visited 2 branches of the dungeon, and saw 10 of its levels.

You collected 453 gold pieces.

Inventory:

Hand Weapons
 a - a +1 falchion
 y - a +0 vampiric whip (weapon)
 C - a cursed -2 hand axe
 E - a +0 whip of venom
Missiles
 r - 21 tomahawks (quivered)
Armour
 b - a +0 animal skin
 g - a +0 ring mail
 i - the +1 robe of Zaibost {rF+++ Int+3 Dex-3}
   (You found it on level 4 of the Dungeon)

   It affects your intelligence (+3).
   It affects your dexterity (-3).
   It renders you almost immune to fire.
 q - a +0 leather armour
 s - a +1 chain mail
 u - a +0 pair of boots (worn)
 v - a +1 ring mail of cold resistance (worn)
 A - a +2 robe of magic resistance
 J - a +0 cloak (worn)
 L - a +0 pair of gloves (worn)
Magical Staves
 n - an uncursed staff of energy {unknown}
Jewellery
 l - a +5 ring of evasion (right hand)
 m - an uncursed ring of resist corrosion
 D - an uncursed ring of magical power
 K - a ring of protection from magic (left hand)
Wands
 h - a wand of disintegration (8)
 o - a wand of flame (7)
 x - a wand of scattershot (10)
 B - a wand of random effects (20)
 N - a wand of iceblast (12)
Scrolls
 d - 5 scrolls of remove curse
 e - 9 scrolls of teleportation
 k - a scroll of identify
 w - a scroll of magic mapping
 z - a scroll of fog
 G - 2 scrolls of enchant armour
 H - a scroll of enchant weapon
Potions
 f - 7 potions of curing
 j - a potion of might
 t - 5 potions of heal wounds
Comestibles
 c - 21 rations
 p - 8 chunks of flesh


   Skills:
 + Level 9.5 Fighting
   Level 2.5(7.2) Short Blades
 + Level 11.3(11.5) Long Blades
 + Level 2.8(6.2) Axes
 + Level 8.8(9.2) Maces & Flails
 + Level 2.8(6.2) Staves
 + Level 2.8 Throwing
 + Level 9.7 Armour
 + Level 6.3 Dodging
 + Level 3.4 Stealth
 + Level 2.5 Unarmed Combat
 + Level 1.4 Spellcasting
 + Level 2.8 Evocations


You had 12 spell levels left.
You didn't know any spells.

Dungeon Overview and Level Annotations

Branches:
Dungeon (9/15)             Temple (1/1) D:4            Lair (0/6) D:8
    Orc: D:9-12

Altars:
Ashenzari
Cheibriados
Dithmenos
Elyvilon
Fedhas
Gozag
Hepliaklqana
Kikubaaqudgha
Makhleb
Nemelex Xobeh
Okawaru
Qazlal
Ru
Sif Muna
Trog
Uskayaw
Vehumet
Wu Jian
Xom
Yredelemnul
Zin
The Shining One


Innate Abilities, Weirdness & Mutations

You reflexively headbutt those who attack you in melee.
You have a pair of horns on your head.
You have sharp toenails.
Scrolls take you a little longer to read.
You are somewhat resistant to further mutation.


Message History

Trog appreciates your killing of a magic user.
You closely miss the orc priest. You headbutt the orc priest!
The orc priest is almost dead.
The orc priest miscasts a cantrip.
The orc priest mumbles some strange prayers to Beogh against you.
Pain shoots through your body!
* * * LOW HITPOINT WARNING * * *
You hit the orc priest but do no damage.
You headbutt the orc priest, but do no damage.
The orc priest is almost dead.
The orc priest closely misses you.
The orc priest mumbles some strange prayers to Beogh against you.
Beogh smites you!
* * * LOW HITPOINT WARNING * * *
You hit the orc priest.
You feel better.
You kill the orc priest!
Trog accepts your kill.
The orc priest calls down the wrath of Beogh upon you.
Pain shoots through your body!
You die...

##### ##...# ##⌠.⌠.#
##.._..######
########..⌠.⌠#......
#...........##.#####
#.######)#†###.#
#####.######.##...##
# #
##((..o)@.....###.##
#
....###......########
#.# # ....o....#####
#.####.#######
...o###.##
#.............. .o
#.# ##.############
... ##.. #... #.##


You could see an orc priest.

Vanquished Creatures
  2 two-headed ogres
  Pikel (D:6)
  Maurice (D:7)
  Joseph (D:8)
  A troll (D:9)
  A hippogriff (D:7)
  9 yaks
  2 slaves (D:6)
  3 orc warriors
  3 sky beasts
  4 ogres
  2 phantoms
  A necrophage (D:8)
  4 centaurs
  The ghost of Charly the Vexing, an amateur VSAM (D:4)
  4 bullfrogs
  5 killer bees (D:9)
  8 wights
  2 howler monkeys (D:8)
  3 hounds
  12 orc wizards
  A crimson imp (D:4)
  A centaur skeleton (D:9)
  3 jellies
  10 orc priests
  2 bullfrog skeletons (D:4)
  An iguana (D:8)
  Ijyb (D:3)
  3 worker ants
  A hound skeleton (D:5)
  A worker ant zombie (D:6)
  7 gnolls
  14 adders
  2 shadow imps
  An ooze (D:3)
  3 adder skeletons
  5 worms
  4 dart slugs
  5 leopard geckos
  21 orcs
  3 giant cockroaches
  9 goblins
  6 hobgoblins
  9 jackals
  A quokka (D:8)
  3 ball pythons
  5 bats
  4 frilled lizards
  11 kobolds
  3 leopard gecko skeletons
  14 rats
224 creatures vanquished.

Vanquished Creatures (others)
  A slave (D:6)
  A centaur (D:6)
  A jelly (D:6)
  An orc (D:6)
4 creatures vanquished.

Grand Total: 228 creatures vanquished

Notes
Turn   | Place    | Note
-------+----------+-------------------------------------------
     0 | D:1      | zacerdocio the Minotaur Berserker began the quest for the Orb.
     0 | D:1      | Reached XP level 1. HP: 19/19 MP: 0/0
   295 | D:1      | Reached XP level 2. HP: 21/27 MP: 1/1
   649 | D:1      | Reached skill level 4 in Long Blades
   690 | D:1      | Reached XP level 3. HP: 31/34 MP: 2/2
  1067 | D:2      | Reached ** piety under Trog
  1073 | D:2      | Reached XP level 4. HP: 12/41 MP: 3/3
  1307 | D:2      | Reached skill level 5 in Long Blades
  1840 | D:2      | Found a shattered altar of Ashenzari.
  2036 | D:3      | Reached XP level 5. HP: 47/47 MP: 4/4
  2413 | D:3      | Reached skill level 5 in Fighting
  2436 | D:3      | Noticed Ijyb
  2444 | D:3      | Killed Ijyb
  2648 | D:3      | Reached skill level 6 in Long Blades
  2774 | D:3      | Found a white marble altar of Elyvilon.
  2871 | D:4      | Reached XP level 6. HP: 51/56 MP: 5/5
  2894 | D:4      | Reached *** piety under Trog
  2904 | D:4      | Found a staircase to the Ecumenical Temple.
  2913 | Temple   | Entered the Ecumenical Temple
  3100 | D:4      | Got a brightly glowing robe
  3101 | D:4      | Identified the +1 robe of Zaibost {rF+++ Int+3 Dex-3} (You found it on level 4 of the Dungeon)
  3235 | D:4      | Found an opulent altar of Gozag.
  3263 | D:4      | Reached skill level 1 in Stealth
  3271 | D:4      | Noticed Charly's ghost (amateur VSAM)
  3283 | D:4      | Killed Charly's ghost
  3283 | D:4      | Reached skill level 7 in Long Blades
  3283 | D:4      | Reached XP level 7. HP: 39/62 MP: 6/6
  3509 | D:4      | Found a basalt altar of Yredelemnul.
  3905 | D:5      | Entered Level 5 of the Dungeon
  4047 | D:5      | Reached skill level 8 in Long Blades
  4596 | D:5      | Found a burning altar of Makhleb.
  4636 | D:5      | Gained mutation: You have sharp toenails. [potion of mutation]
  4636 | D:5      | Gained mutation: Scrolls take you a little longer to read. [potion of mutation]
  4636 | D:5      | Gained mutation: You are somewhat resistant to further mutation. [potion of mutation]
  4659 | D:5      | Reached XP level 8. HP: 71/71 MP: 7/7
  4855 | D:6      | Noticed Pikel
  4868 | D:6      | Killed Pikel
  4868 | D:6      | Reached skill level 9 in Long Blades
  4868 | D:6      | Reached skill level 5 in Armour
  5037 | D:6      | Reached **** piety under Trog
  5037 | D:6      | Reached skill level 10 in Long Blades
  5340 | D:6      | Noticed a two-headed ogre
  5346 | D:6      | Killed a two-headed ogre
  5346 | D:6      | Reached skill level 1 in Maces & Flails
  5346 | D:6      | Reached skill level 1 in Evocations
  5346 | D:6      | Reached XP level 9. HP: 79/79 MP: 8/8
  5835 | D:7      | Reached skill level 1 in Throwing
  5849 | D:7      | Found an iron altar of Okawaru.
  6005 | D:7      | Noticed a moth of wrath
  6009 | D:7      | Found a bloodstained altar of Trog.
  6310 | D:7      | Reached skill level 11 in Long Blades
  6310 | D:7      | Reached skill level 5 in Maces & Flails
  6310 | D:7      | Reached skill level 5 in Dodging
  6310 | D:7      | Reached skill level 1 in Spellcasting
  6310 | D:7      | Reached XP level 10. HP: 89/90 MP: 9/11
  6374 | D:8      | Noticed Maurice
  6414 | D:7      | Killed Maurice
  6448 | D:8      | Found a staircase to the Lair.
  6552 | D:8      | Reached XP level 11. HP: 89/97 MP: 12/12
  6655 | D:8      | Found a hide-covered altar of Uskayaw.
  6873 | D:8      | Found a stormy altar of Qazlal.
  7047 | D:8      | Noticed Joseph
  7061 | D:8      | Killed Joseph
  7375 | D:9      | Found a sparkling altar of Nemelex Xobeh.
  7415 | D:9      | Noticed a two-headed ogre
  7426 | D:9      | Killed a two-headed ogre
  7569 | D:9      | Killed from afar by an orc priest

Skill      XL: |  1  2  3  4  5  6  7  8  9 10 11 |
---------------+----------------------------------+-----
Fighting       | 4 5 6 7 8 9 |  9.5
Long Blades    | 4 5 6 7 8 10 11 | 11.3
Dodging        | 3 4 5 6 |  6.3
Stealth        | 1 3 |  3.4
Armour         | 4 7 8 9 |  9.7
Maces & Flails | 1 5 6 8 |  8.8
Evocations     | 1 2 |  2.8
Throwing       | 2 |  2.8
Short Blades   | 2 |  2.5
Axes           | 2 |  2.8
Staves         | 2 |  2.8
Unarmed Combat | 2 |  2.5
Spellcasting   | 1 |  1.4

Action                   |  1- 3 |  4- 6 |  7- 9 | 10-12 || total
-------------------------+-------+-------+-------+-------++-------
Melee: Falchion          |    86 |   132 |    97 |       ||   315
       Headbutt          |    11 |    24 |    37 |    81 ||   153
       Whip              |       |       |   139 |   266 ||   405
       Punch             |       |       |       |     4 ||     4
Throw: Tomahawk          |       |       |     4 |     3 ||     7
Invok: Berserk           |     1 |     4 |     3 |     5 ||    13
Evoke: Wand              |       |       |     8 |       ||     8
  Use: Potion            |     4 |       |     2 |     2 ||     8
       Scroll            |     1 |     7 |     5 |     3 ||    16
 Stab: Sleeping          |       |       |       |     2 ||     2
       Distracted        |       |       |       |     1 ||     1
  Eat: Chunk             |       |    12 |    12 |     9 ||    33
Armor: Animal skin       |    15 |    12 |       |       ||    27
       Chain mail        |       |    15 |    97 |    26 ||   138
       Ring mail         |       |       |       |    18 ||    18
Dodge: Dodged            |    47 |    61 |   157 |   173 ||   438
       Rpst.: Falchion   |    10 |    16 |    16 |       ||    42
